 Dungeon Crawl Stone Soup version 0.30-a0-629-gd54f4be4f7 (webtiles) character file.

Game seed: 15826068461431395524

81 NinjaNoafa the Magician (level 4, -2/31 HPs)
             Began as a Djinni Fire Elementalist on Jan 12, 2023.
             Shot with an arrow by a centaur (6 damage)
             ... on level 3 of the Dungeon.
             The game lasted 00:03:09 (2038 turns).

NinjaNoafa the Magician (Djinni Fire Elementalist)  Turns: 2038, Time: 00:03:09

Health: -2/31      AC:  5    Str:  7    XL:     4   Next: 67%
Gold:   116        EV: 11    Int: 19    God:
                   SH:  0    Dex: 13

rFire   + + .      SeeInvis .    c - +1 whip (holy)
rCold   x . .      Faith    +    (no shield)
rNeg    . . .      Spirit   .    n - +2 leather armour {rPois}
rPois   ∞          Reflect  .    (no helmet)
rElec   .          Harm     .    (no cloak)
rCorr   .          Rampage  .    (no gloves)
Will    .....                    (boots unavailable)
Stlth   ++                       g - amulet of faith
HPRegen 0.25/turn                (no ring)
MPRegen 0.00/turn                (no ring)

@: flying, hasted, very quick
A: sickness immunity, fire resistance 2, cold vulnerability 1, float, innate
caster, HP casting, extra vitality 1
a: no special abilities


You were on level 3 of the Dungeon.
You visited 1 branch of the dungeon, and saw 3 of its levels.

You collected 116 gold pieces.

Inventory:

Hand Weapons
 c - a +1 whip of holy wrath (weapon)
Missiles
 d - 4 poisoned darts
Armour
 n - a +2 leather armour of poison resistance (worn)
Jewellery
 g - an amulet of faith (around neck)
Scrolls
 a - a scroll of teleportation {unknown}
 e - 3 scrolls of amnesia {unknown}
 h - a scroll of enchant armour {unknown}
 j - a scroll of noise {unknown}
 l - 2 scrolls of identify {unknown}
 m - a scroll of fog {unknown}
 o - a scroll of poison {unknown}
 q - a scroll of blinking {unknown}
 r - a scroll of fear {unknown}
Potions
 b - a potion of magic
 k - a potion of cancellation {unknown}
 p - a potion of resistance {unknown}
 s - a potion of attraction {unknown}


   Skills:
 - Level 2.1 Dodging
 - Level 1.5 Stealth
 + Level 4.0 Spellcasting


You couldn't memorise any spells.
You knew the following spells:

 Your Spells              Type           Power      Damage    Failure   Level
a - Foxfire               Conj/Fire      76%        2x1d7     4%          1
b - Scorch                Fire           38%        2d6       6%          2
c - Kindle Blastsparks    Fire/Tloc/Air  38%        2d13      12%         3
d - Inner Flame           Hex/Fire       19%        N/A       12%         3
e - Flame Wave            Conj/Fire      19%        2d7       36%         4
f - Beastly Appendage     Tmut           38%        N/A       4%          1
Your spell library was empty.

Dungeon Overview and Level Annotations

Branches:
Dungeon (3/15)

Altars:

Annotations:
D:3 Ijyb


Innate Abilities, Weirdness & Mutations

You are immune to sickness and miasma.
You are immune to poison.
Your flesh is very heat resistant. (rF++)
You are vulnerable to cold. (rC-)
You float through the air rather than walking.
You learn spells naturally, not from books.
Your magical power is your life essence.
You have superior vitality. (+4 MHP)


Message History

You hear a shout!
Your magical contamination has completely faded away.
Casting: Scorch (safe; 6% risk of failure)
Confirm with . or Enter, or press ? or * to list all spells.
Flames lash Ijyb but do no damage.
Casting: Scorch (safe; 6% risk of failure)
Confirm with . or Enter, or press ? or * to list all spells.
Flames lash Ijyb.
Ijyb is burned terribly!
Ijyb is severely wounded.
Ijyb barely misses you.
Casting: Scorch (safe; 6% risk of failure)
Confirm with . or Enter, or press ? or * to list all spells.
Flames lash Ijyb but do no damage.
A centaur comes into view.
Ijyb zaps a wand.
The bolt of dispelling energy hits you!
Casting: Scorch (safe; 6% risk of failure)
Confirm with . or Enter, or press ? or * to list all spells.
You conjure some foxfire!
The centaur wields a +0 shortbow.
The centaur shoots an arrow.
The arrow barely misses you. The arrow barely misses your foxfire.
Ijyb zaps a wand.
The bolt of dispelling energy misses you.
The foxfire hits Ijyb but does no damage.
Ijyb is severely wounded.
The foxfire hits Ijyb.
Ijyb is burned terribly!
Ijyb is almost dead.
The centaur shoots an arrow.
The arrow hits you!
* * * LOW HITPOINT WARNING * * *
Okay, then.
It was a potion of curing.
You feel better.
The centaur shoots an arrow.
The arrow hits you but does no damage. Ijyb hits you with a +2 club.
* * * LOW HITPOINT WARNING * * *
It was a potion of haste.
You feel yourself speed up.
The centaur shoots an arrow.
The arrow hits you.
* * * LOW HITPOINT WARNING * * *
The centaur shoots an arrow.
The arrow barely misses you. Ijyb hits you but does no damage.
The centaur shoots an arrow.
The arrow closely misses you.
There is a stone staircase leading up here.
The centaur shoots an arrow.
The arrow hits you.
You die...

#. .... #.
)#.###
#.##.....
.....c.
####....#
#....†.#
##..!#####.
#.g........
#.@..#####.
#..###
#...#
...#..
#######


You could see Ijyb (combustible) and a centaur.

Vanquished Creatures
  3 adders (D:2)
  4 bats
  4 endoplasms
  2 giant cockroaches (D:1)
  5 goblins (D:1)
  7 hobgoblins
  3 jackals (D:2)
  3 kobolds
  3 quokkas
  6 ball pythons
  4 frilled lizards
  9 rats
53 creatures vanquished.

Vanquished Creatures (others)
  171 foxfires
171 creatures vanquished.

Grand Total: 224 creatures vanquished

Notes
Turn   | Place    | Note
-------+----------+-------------------------------------------
     0 | D:1      | NinjaNoafa the Djinni Fire Elementalist began the quest for
                  | the Orb.
     0 | D:1      | NinjaNoafa set off with the following spells memorised:
                  | Foxfire, Scorch, Kindle Blastsparks, Inner Flame, Flame
                  | Wave.
     0 | D:1      | Reached XP level 1. HP: 15/15 MP: 0/0
   294 | D:2      | Reached XP level 2. HP: 16/21 MP: 0/0
   296 | D:2      | Reached skill level 3 in Spellcasting
   350 | D:1      | Reached XP level 3. HP: 16/25 MP: 0/0
   350 | D:1      | Learned a level 1 spell: Beastly Appendage
  1222 | D:1      | Reached XP level 4. HP: 29/31 MP: 0/0
  2024 | D:3      | Reached skill level 4 in Spellcasting
  2026 | D:3      | Noticed Ijyb
  2032 | D:3      | Noticed a centaur
  2038 | D:3      | Shot with an arrow by a centaur

Illustrated notes

Levels and vault maps discovered:
D:1:      minmay_arrival_floating_metal, layout_basic
D:2:      layout_loops_ring
D:3:      minmay_angry_zag, layout_rooms, uniq_ijyb

Skill      XL: |  1  2  3  4 |
---------------+-------------+-----
Spellcasting   | 3 4 |  4.0
Dodging        | |  2.1
Stealth        | |  1.5

Action                   |  1- 3 |  4- 6 || total
-------------------------+-------+-------++-------
Melee: Whip              |     3 |    29 ||    32
       Headbutt          |       |     6 ||     6
 Cast: Foxfire           |   101 |     5 ||   106
       Scorch            |       |    11 ||    11
       Beastly Appendage |       |     7 ||     7
  Use: Potion            |       |     2 ||     2
 Stab: Sleeping          |       |     2 ||     2
Armor: Robe              |     5 |       ||     5
       Leather armour    |       |    11 ||    11
Dodge: Dodged            |     8 |    24 ||    32

Table legend: (Time is in decaauts)
 A = Elapsed time spent in this place.
 B = Non-inter-level travel time spent in this place.
 C = Inter-level travel time spent in this place.
 D = Time resting spent in this place.
 E = Time spent auto-exploring this place.
 F = Levels seen in this place.
 G = Mean time per level.
                   A        B        C        D        E       F      G
               +--------+--------+--------+--------+--------+-----+--------+
         Total |   2038 |   1885 |    153 |      0 |   1530 |   3 |  679.3 |
       Dungeon |   2038 |   1885 |    153 |      0 |   1530 |   3 |  679.3 |
               +--------+--------+--------+--------+--------+-----+--------+

Top non-repeatable levels by time:
     D:1: 1256 daAuts
     D:2: 765 daAuts
     D:3: 16 daAuts
